AoeStats
← Thedrunkenpiper

Arena

506540406Analyzed
2v2 RM · 19d ago on Sep 14, 2026· 27m 39s· 4 players
Game mode
Random Map
Map size
Medium (4 player)
Population
200
Speed
Normal
Resources
Standard
Victory
Conquest
Starting age
Dark Age
Ending age
Imperial Age
RankedLock teamsTeams togetherTeam positionsShared explorationLock speedFull tech treeHidden civsTurbo modeCheats
Victory
Defeat
🇨🇱 Mongols · Chile
797
+16
🇨🇱 Cumans · Chile
776
+17
🇺🇸 Cumans · United States
817
-43
🇺🇸 Goths · United States
775
-37
elchoromota
10:00 Feudal Age
10:24 Man-at-Arms
10:48 Horse Collar
10:54 Double-Bit Axe
17:50 Scale Mail Armor
18:17 Gold Mining
18:19 Stone Mining
26:20 Castle Age
RSK | Nasif
0:27 Loom
10:09 Feudal Age
10:36 Double-Bit Axe
15:28 Horse Collar
23:43 Man-at-Arms
Thedrunkenpiper
11:19 Feudal Age
Chungucha
10:42 Feudal Age
15:31 Wheelbarrow
16:35 Wheelbarrow
18:11 Double-Bit Axe
19:40 Man-at-Arms
21:52 Scale Mail Armor
Connection lost

Rejoining the realm…

Still unreachable

The connection could not be restored.

Session expired

The server has moved on; the page needs a fresh start.